 Dungeon Crawl Stone Soup version 0.23.2-11-gf996548 (webtiles) character file.

Game seed: 13345752847493959879

515 Fang the Skirmisher (level 7, -1/44 HPs)
             Began as a Gargoyle Berserker on June 6, 2019.
             Was a Believer of Trog.
             Killed from afar by an orc wizard (8 damage)
             ... with a puff of flame
             ... on level 3 of the Dungeon.
             The game lasted 00:02:07 (2461 turns).

Fang the Skirmisher (Gargoyle Berserker)            Turns: 2461, Time: 00:02:07

Health: -1/44      AC: 16    Str: 23    XL:     7   Next: 20%
Magic:  7/7        EV:  8    Int:  7    God:    Trog [**....]
Gold:   146        SH:  0    Dex:  9    Spells: 6/6 levels left

rFire    . . .     SeeInvis .   a - +0 hand axe
rCold    . . .     Gourm    .   (no shield)
rNeg     + . .     Faith    .   b - +0 plate armour
rPois    ∞         Spirit   .   (no helmet)
rElec    +         Reflect  .   (no cloak)
rCorr    .         Harm     .   (no gloves)
MR       .....                  (no boots)
Stlth    ..........             (no amulet)
HPRegen  0.14/turn              (no ring)
MPRegen  0.10/turn              (no ring)

@: berserk cooldown, slowed, very slow
A: negative energy resistance 1, electricity resistance, unbreathing,
petrification resistance, rot immunity, AC +4
a: Berserk, Trog's Hand, Renounce Religion


You were on level 3 of the Dungeon.
You worshipped Trog.
Trog was pleased with you.
You were very hungry.

You visited 1 branch of the dungeon, and saw 3 of its levels.

You collected 146 gold pieces.

Inventory:

Hand Weapons
 a - a +0 hand axe (weapon)
Armour
 b - a +0 plate armour (worn)
Wands
 f - a wand of clouds (3)
 m - a wand of iceblast (8)
Scrolls
 d - a scroll of magic mapping {unknown}
 e - a scroll of noise {unknown}
 i - a scroll of remove curse {unknown}
 n - 2 scrolls of identify {unknown}
 o - a scroll of enchant armour {unknown}
Potions
 g - a potion of mutation {unknown}
 h - a potion of brilliance {unknown}
 j - a potion of flight {unknown}
 k - a potion of might {unknown}
 l - 2 potions of resistance {unknown}
Comestibles
 c - 3 rations


   Skills:
 + Level 5.2 Fighting
 + Level 4.2 Axes
 + Level 4.5 Armour
 + Level 3.4 Dodging


You had 6 spell levels left.
You didn't know any spells.
Your spell library was empty.

Dungeon Overview and Level Annotations

Branches:
Dungeon (3/15)

Altars:


Innate Abilities, Weirdness & Mutations

You are resistant to torment.
Your stone body is resilient. (AC +4)
You are immune to poison.
You resist negative energy. (rN+)
You are resistant to electric shocks. (rElec)
You can survive without breathing.
You are immune to petrification.
You are immune to rotting.


Message History

You butcher the orc corpse.
You are no longer berserk.
You are exhausted.
You feel yourself slow down. Something hits you but does no damage.
Things that are here:
2 chunks of flesh; an orc skeleton
There is a strange disturbance nearby!
You hear some strange, mumbled words.
A magic dart appears from out of thin air!
The magic dart hits you.
* * * LOW HITPOINT WARNING * * *
You barely miss something.
You hear some strange, mumbled words.
A magic dart appears from out of thin air!
The magic dart hits you.
* * * LOW HITPOINT WARNING * * *
You hear some strange, mumbled words.
A puff of flame appears from out of thin air!
The puff of flame hits you!
You die...

.....# ......... .
.....# ..... ..
.....########.#######...
.................)......
#############...))....#.
#.....###.# #.##......#
#.##.)###.# #.#%@%..#
#......){..##
#######..#....#
#..###### #..# #..# #..#
#...


There were no monsters in sight!

Vanquished Creatures
  Grinder (D:3)
  A phantom (D:3)
  2 orc priests (D:3)
  Robin (D:3)
  3 gnolls (D:3)
  6 adders
  2 worms (D:2)
  3 dart slugs
  3 leopard geckos
  6 orcs (D:3)
  2 ball pythons (D:1)
  2 bats
  3 giant cockroaches
  5 hobgoblins
  4 frilled lizards
  16 goblins
  4 kobolds
  6 rats
70 creatures vanquished.

Notes
Turn   | Place    | Note
-------+----------+-------------------------------------------
     0 | D:1      | Fang the Gargoyle Berserker began the quest for the Orb.
     0 | D:1      | Reached XP level 1. HP: 14/14 MP: 1/1
   110 | D:1      | Reached XP level 2. HP: 15/19 MP: 2/2
   589 | D:2      | Reached XP level 3. HP: 24/24 MP: 3/3
  1297 | D:2      | Reached XP level 4. HP: 20/29 MP: 4/4
  1624 | D:3      | Reached ** piety under Trog
  1631 | D:3      | Reached skill level 4 in Fighting
  1659 | D:3      | Noticed Robin
  1672 | D:3      | Killed Robin
  1911 | D:3      | Reached XP level 5. HP: 26/33 MP: 5/5
  2038 | D:3      | Noticed a phantom
  2042 | D:3      | Noticed Grinder
  2055 | D:3      | Paralysed by Grinder for 4 turns
  2063 | D:3      | Killed Grinder
  2063 | D:3      | Reached XP level 6. HP: 25/40 MP: 6/6
  2097 | D:3      | HP: 1/40 [phantom (4)]
  2167 | D:3      | Killed a phantom
  2167 | D:3      | Reached skill level 5 in Fighting
  2167 | D:3      | Reached XP level 7. HP: 24/44 MP: 7/7
  2461 | D:3      | Killed from afar by an orc wizard

Skill      XL: |  1  2  3  4  5  6 |
---------------+-------------------+-----
Axes           | 3 4 |  4.2
Dodging        | 2 3 |  3.4
Armour         | 3 4 |  4.5
Fighting       | 4 5 |  5.2

Action                   |  1- 3 |  4- 6 |  7- 9 || total
-------------------------+-------+-------+-------++-------
Melee: Hand axe          |    96 |   114 |    27 ||   237
Invok: Berserk           |     2 |     2 |     1 ||     5
       Trog's Hand       |       |     1 |       ||     1
  Eat: Chunk             |     3 |     4 |     2 ||     9
Armor: Animal skin       |    33 |    29 |       ||    62
       Plate armour      |       |    51 |    26 ||    77
Dodge: Dodged            |    54 |    69 |    16 ||   139
